 Dungeon Crawl Stone Soup version 0.22-a0-425-g89d60a11d8 (webtiles) character file.

2498 Ordine the Fighter (level 9, -10/69 HPs)
             Began as an Octopode Fighter on May 24, 2018.
             Mangled by an orc knight
             ... wielding a +0 trident
              (15 damage)
             ... in a bailey.
             The game lasted 00:29:10 (8920 turns).

Ordine the Fighter (Octopode Fighter)               Turns: 8920, Time: 00:29:11

Health: -10/69     AC:  1    Str: 15    XL:     9   Next: 52%
Magic:  9/9        EV: 14    Int: 10    God:
Gold:   508        SH:  7    Dex: 18    Spells: 8/8 levels left

rFire    . . .     SeeInvis .   b - +3 rapier (venom)
rCold    + . .     Gourm    .   l - +0 buckler
rNeg     . . .     Faith    .   (helmet restricted)
rPois    .         Spirit   .   r - +2 amulet of reflection
rElec    .         Reflect  +   e - ring of protection from cold
rCorr    .         Harm     .   k - +3 ring of dexterity
MR       .....                  (no ring)
Stlth    +++.......             (no ring)
HPRegen  0.21/turn              (no ring)
MPRegen  0.11/turn              (no ring)
                                (no ring)
                                (no ring)

@: no status effects
A: almost no armour, stealthy swim, amphibious, 8 rings, constrict 8, camouflage
1, gelatinous body 1
a: no special abilities


You were in a bailey.
You were hungry.

You visited 2 branches of the dungeon, and saw 9 of its levels.
You also visited: Bailey.

You collected 534 gold pieces.
You spent 26 gold pieces at shops.

Inventory:

Hand Weapons
 a - a +0 long sword
 b - a +3 rapier of venom (weapon)
 c - a +1 dagger of speed
Armour
 l - a +0 buckler (worn)
 s - a +0 shield
Magical Staves
 f - an uncursed staff of poison
Jewellery
 e - a ring of protection from cold (left tentacle)
 k - a +3 ring of dexterity (right tentacle)
 r - a +2 amulet of reflection (around mantle)
Scrolls
 j - a scroll of identify
 o - a scroll of remove curse
 p - 3 scrolls of magic mapping
 q - 2 scrolls of teleportation
 t - a scroll of fear
Potions
 g - a potion of magic
 h - 2 potions of flight
 i - 3 potions of brilliance
 m - 3 potions of curing
 n - a potion of haste {unknown}
 u - a potion of heal wounds {unknown}
Comestibles
 d - 12 rations


   Skills:
 + Level 9.4 Fighting
 + Level 9.1 Long Blades
 - Level 3.0 Dodging
 - Level 3.0 Shields


You had 8 spell levels left.
You didn't know any spells.
Your spell library was empty.

Dungeon Overview and Level Annotations

Branches:
Dungeon (8/15)             Temple (1/1) D:4
   Lair: D:8-11

Altars:
Ashenzari
Cheibriados
Elyvilon
Fedhas
Gozag
Hepliaklqana
Kikubaaqudgha
Makhleb
Nemelex Xobeh
Okawaru
Qazlal
Ru
Sif Muna
Trog
Uskayaw
Vehumet
Wu Jian
Xom
Yredelemnul
Zin

Shops:
D:7 :=(

Annotations:
D:4 exclusion: wyvern


Innate Abilities, Weirdness & Mutations

You cannot wear most types of armour.
You are very stealthy in the water. (Stealth+)
You are amphibious.
You can wear up to eight rings at the same time.
You can use your tentacles to constrict eight enemies at once.
Your skin changes colour to match your surroundings (Stealth+).
Your rubbery body absorbs attacks. (AC +1, EV +1)


Message History

You now have 492 gold pieces (gained 26).
You now have 508 gold pieces (gained 16).
There is a large open door here.
Things that are here:
a trident; a ring mail
There is a large open door here.
The orc warrior shouts!
The orc knight roars a battlecry!
The orc warrior goes into a battle-frenzy!
There is an open door here.
The orc knight hits you from afar with a halberd!
The orc knight closely misses you.
The orc knight hits you from afar with a trident!!
The orc knight roars a battlecry!
The orc warrior goes into a battle-frenzy!
The orc warrior shouts!
The orc warrior hits you from afar with a spear!!
* * * LOW HITPOINT WARNING * * *
The orc knight hits you from afar with a trident!
You die...

##.........## ###
##..≈≈≈≈≈≈≈..#######..
##..≈≈.....≈≈...##...##
##########..≈≈..###..≈..##.#####
#..........≈≈..## ##...##.......
#.≈≈≈≈≈≈≈≈≈≈..## #######≈≈≈≈≈≈
#.≈..........## ... #####..
#.≈.#############'##### #######.
#.≈)##.....##..@......# .$$$.##.
#.≈.)##...##..≈§≈≈≈≈§§§ ##..
#.≈≈..##.#'..≈≈oo...§§ ##.)≈
##.≈≈..#'#..≈≈oo.⌠..§§ #.)≈≈
#∩.≈≈..#)#..≈≈.o⌠∩⌠..§ #..≈≈
#.≈≈..##.##..§≈.....≈§§ ##..≈
#.≈..##...##..≈≈≈≈≈§§.. ##..
#.≈)##.....##.........# ##.
#.≈.#########'###+#############.


You could see 2 orc knights and 3 orc warriors.

Vanquished Creatures
  Eustachio (D:6)
  The ghost of htuhola the Poker, an amateur MiFi (D:3)
  3 orc warriors
  A black bear (D:6)
  2 ogres
  2 bullfrogs
  2 scorpions
  2 crimson imps
  A bullfrog zombie (D:7)
  A centaur zombie (D:5)
  3 jellies
  2 bullfrog skeletons
  4 orc priests
  A hound (D:6)
  3 iguanas
  12 orc wizards
  10 worker ants
  A hound skeleton (D:5)
  Robin (D:2)
  4 gnolls (D:6)
  9 adders
  2 oozes
  An adder skeleton (D:2)
  2 worms (D:2)
  6 dart slugs
  3 leopard geckos
  50 orcs
  3 ball pythons
  5 bats
  5 giant cockroaches
  26 goblins
  9 hobgoblins
  9 jackals
  3 quokkas
  7 frilled lizards
  15 kobolds
  7 rats
219 creatures vanquished.

Notes
Turn   | Place    | Note
-------+----------+-------------------------------------------
     0 | D:1      | Ordine the Octopode Fighter began the quest for the Orb.
     0 | D:1      | Reached XP level 1. HP: 16/16 MP: 1/1
    61 | D:1      | Reached XP level 2. HP: 12/21 MP: 2/2
   524 | D:1      | Reached XP level 3. HP: 26/26 MP: 3/3
  1276 | D:2      | Found a blossoming altar of Fedhas.
  1332 | D:2      | Reached XP level 4. HP: 33/33 MP: 4/4
  2090 | D:3      | Noticed htuhola's ghost (amateur MiFi)
  2105 | D:3      | Reached XP level 5. HP: 37/38 MP: 5/5
  2163 | D:3      | Noticed Robin
  2445 | D:2      | Killed Robin
  2582 | D:3      | Found an opulent altar of Gozag.
  2919 | D:3      | Killed htuhola's ghost
  2919 | D:3      | Reached skill level 5 in Fighting
  2919 | D:3      | Reached XP level 6. HP: 10/45 MP: 6/6
  3843 | D:4      | Reached skill level 5 in Long Blades
  4090 | D:4      | Reached XP level 7. HP: 35/51 MP: 7/7
  4259 | D:4      | Noticed a wyvern
  4748 | D:4      | Found a staircase to the Ecumenical Temple.
  4764 | Temple   | Entered the Ecumenical Temple
  5116 | D:5      | Entered Level 5 of the Dungeon
  5144 | D:5      | Found a burning altar of Makhleb.
  5758 | D:5      | Reached XP level 8. HP: 58/58 MP: 8/8
  6070 | D:6      | Noticed Eustachio
  6100 | D:6      | Killed Eustachio
  6273 | D:6      | Found a hide-covered altar of Uskayaw.
  7207 | D:6      | Reached XP level 9. HP: 46/67 MP: 9/9
  7623 | D:7      | Found Ysulycarr's Jewellery Shop.
  7635 | D:7      | Bought a cursed amulet of inaccuracy for 26 gold pieces
  7694 | D:7      | Found a stormy altar of Qazlal.
  7723 | D:7      | Found Kudd's Book Shoppe.
  8030 | D:7      | Found Giarphid's Antique Weapon Boutique.
  8085 | D:7      | Found a snail-covered altar of Cheibriados.
  8433 | D:8      | Found a flagged portal.
  8449 | Bailey   | Entered a bailey
  8710 | Bailey   | Noticed an orc knight
  8710 | Bailey   | Noticed an orc knight
  8920 | Bailey   | Mangled by an orc knight

Vault maps used:
D:1:      dpeg_arrival_leaves_temple_mockup
D:2:      fedhas_altar_1, first_ration
D:3:      nicolae_overflow_hidden_temple, uniq_robin
D:4:      minmay_temple_entry_trees
D:5:      lemuel_coloured_pillars_altar
D:6:      corexii_shantytown, lemuel_doored_altar, uniq_eustachio
D:7:      nicolae_overflow_crystal_walls, lemuel_round_altar, serial_shops,
          shop_statue, nicolae_shop_statue_plus, shop, st_stairs_12
D:8:      tso_oasis_becter, old_standard_altar, enter_bailey_3,
          serial_co_window_serial, co_window_corner_a, co_window_paths_a,
          co_window_paths_b, co_window_of_opportunity_a, co_window_cross_1,
          co_window_paths_b, co_window_paths_b, co_window_broadway_b,
          co_window_2corner, co_window_corner_cb, glass_columns_a,
          glass_columns_c, glass_columns_a, glass_columns_a, glass_columns_b,
          uniq_psyche
Temple:   zaba_magenta_temple
Bailey:   bailey_polearm_1, bailey

Skill      XL: |  1  2  3  4  5  6  7  8  9 |
---------------+----------------------------+-----
Long Blades    | 3 4 5 6 8 9 |  9.1
Fighting       | 4 5 6 8 9 |  9.4
Dodging        | |  3.0
Shields        | |  3.0

Action                   |  1- 3 |  4- 6 |  7- 9 || total
-------------------------+-------+-------+-------++-------
Melee: Long sword        |    51 |   121 |   169 ||   341
       Constrict         |    19 |    37 |    78 ||   134
       Tentacles         |     8 |    23 |    81 ||   112
       Rapier            |       |       |   131 ||   131
  Use: Scroll            |     5 |     5 |     6 ||    16
       Potion            |       |     1 |     1 ||     2
 Stab: Sleeping          |     5 |     7 |    10 ||    22
       Distracted        |       |       |     1 ||     1
  Eat: Chunk             |     1 |     9 |    15 ||    25
Armor: Skin              |     4 |     5 |     7 ||    16
Dodge: Dodged            |    22 |    59 |   142 ||   223
Block: Shield            |    19 |    32 |       ||    51
       Buckler           |       |    10 |    66 ||    76
       Rpst.: Long sword |     8 |    19 |    20 ||    47

Table legend:
 A = Spawn XP
 B = Non-spawn XP
 C = Spawn XP percentage of total XP
 D = Spawn monster count
 E = Non-spawn monster count
 F = Spawn count percentage of total count
 G = Total turns spent on level
                    A         B        C        D         E        F      G
               +---------+---------+-------+---------+---------+-------+---------
         Total |       0 |    3569 |   0.0 |       0 |     219 |   0.0 |  8920
               +---------+---------+-------+---------+---------+-------+---------
           D:1 |       0 |      51 |   0.0 |       0 |      26 |   0.0 |  1124
           D:2 |       0 |      79 |   0.0 |       0 |      23 |   0.0 |  1105
           D:3 |       0 |     365 |   0.0 |       0 |      30 |   0.0 |  1493
           D:4 |       0 |     412 |   0.0 |       0 |      26 |   0.0 |  1317
           D:5 |       0 |     328 |   0.0 |       0 |      15 |   0.0 |   808
           D:6 |       0 |    1337 |   0.0 |       0 |      56 |   0.0 |  1572
           D:7 |       0 |     548 |   0.0 |       0 |      18 |   0.0 |   624
           D:8 |       0 |     277 |   0.0 |       0 |      14 |   0.0 |   329
        Bailey |       0 |     172 |   0.0 |       0 |      11 |   0.0 |   471
               +---------+---------+-------+---------+---------+-------+---------
